 Dungeon Crawl Stone Soup version 0.19.1 (webtiles) character file.

10994 tv1990 the Cruncher (level 12, -2/141 HPs)
             Began as a Formicid Earth Elementalist on Nov 28, 2016.
             Was a High Priest of Okawaru.
             Slain by a six-headed hydra (3 damage)
             ... on level 1 of the Lair of Beasts on Nov 29, 2016.
             The game lasted 00:54:57 (10691 turns).

tv1990 the Cruncher (Formicid Earth Elementalist)  Turns: 10691, Time: 00:55:00

Health: -2/141     AC: 29    Str: 14    XL:     12   Next: 2%
Magic:  6/20       EV:  2    Int: 19    God:    Okawaru [*****.]
Gold:   754        SH:  0    Dex: 11    Spells: 5 memorised, 8 levels left

rFire  . . .     SeeInvis .     U - +1 quarterstaff (protect)
rCold  . . .     Gourm    .     (armour currently unavailable)
rNeg   + + +     Faith    .     (no shield)
rPois  +         Spirit   .     (helmet unavailable)
rElec  .         Reflect  .     (cloak currently unavailable)
rCorr  .         Harm     .     (gloves currently unavailable)
MR     +....                    (boots currently unavailable)
Stlth  +.........               C - amulet of magic regeneration
                                O - +3 ring of protection
                                z - ring of wizardry

@: confused, tree-form, repel missiles
A: permanent stasis, dig shafts and tunnels, four strong arms, (antennae 0)
a: Heroism, Finesse, Renounce Religion


You were on level 1 of the Lair of Beasts.
You worshipped Okawaru.
Okawaru was extremely pleased with you.
You were not hungry.
You were a tree.
You visited 3 branches of the dungeon, and saw 13 of its levels.

You collected 754 gold pieces.

Inventory:

Hand Weapons
 U - a +1 quarterstaff of protection (weapon)
Armour
 t - the cursed +1 leather armour of Agnosticism (melded) {rPois Slay+2}
   (You found it on level 6 of the Dungeon)

   It affects your accuracy and damage with ranged weapons and melee attacks
   (+2).
   It protects you from poison.
   It has a curse placed upon it.
 X - a +1 pair of gloves of dexterity (melded)
Jewellery
 z - a ring of wizardry (left branch)
 C - an amulet of magic regeneration (around neck)
 G - an uncursed ring of protection from cold
 O - a +3 ring of protection (right branch)
Wands
 L - a wand of lightning (8/15)
 N - a wand of flame (20/48)
 Z - a wand of acid (5/15)
Scrolls
 f - 2 scrolls of identify
 l - a scroll of fog
 p - 2 scrolls of fear
 H - 4 scrolls of enchant weapon
 P - 2 scrolls of remove curse
 Q - 2 scrolls of recharging
 R - a scroll of amnesia
Potions
 a - 2 potions of resistance
 b - a potion of cure mutation
 c - 2 potions of agility
 o - a potion of ambrosia
 r - 2 potions of curing
 A - 2 potions of brilliance
 B - a potion of flight
 I - a potion of cancellation
Comestibles
 d - 8 bread rations
 h - 17 meat rations
 m - 3 beef jerkies


   Skills:
 - Level 8.8 Fighting
 * Level 9.5 Staves
 - Level 4.5 Armour
 - Level 5.3 Dodging
 - Level 2.4 Stealth
 + Level 5.6 Spellcasting
 - Level 2.0 Conjurations
   Level 1.1 Transmutations
 - Level 1.7 Air Magic
 - Level 9.0 Earth Magic
 - Level 2.9 Poison Magic
 - Level 7.0 Invocations


You had 8 spell levels left.
You knew the following spells:

 Your Spells              Type           Power        Failure   Level  Hunger
a - Sandblast             Erth           #####.       1%          1    None
b - Stone Arrow           Conj/Erth      ####..       1%          3    ##.....
c - Lee's Rapid Deconstr  Erth           #####.....   4%          5    #####..
d - Mephitic Cloud        Conj/Pois/Air  ##......     6%          3    ##.....
e - Repel Missiles        Chrm/Air       #.....       6%          2    None


Dungeon Overview and Level Annotations

Branches:
Dungeon (11/15)            Temple (1/1) D:5            Lair (1/6) D:11
    Orc (0/2) D:11

Altars:
Ashenzari
Cheibriados
Dithmenos
Elyvilon
Fedhas
Gozag
Hepliaklqana
Kikubaaqudgha
Makhleb
Nemelex Xobeh
Okawaru
Qazlal
Ru
Sif Muna
Trog
Uskayaw
Vehumet
Xom
Yredelemnul
Zin
The Shining One

Shops:
D:5 =   D:10 (


Innate Abilities, Weirdness & Mutations

You are under a permanent stasis effect.
You can dig through walls and to a lower floor.
Your four strong arms can wield two-handed weapons with a shield.
((You have a pair of large antennae on your head. (SInv)))


Message History

Press: ? - help, Shift-Dir - straight line, f/p - six-headed hydra
Aim: a six-headed hydra (severely wounded)
The stone arrow hits the six-headed hydra.
The six-headed hydra is almost dead.
The six-headed hydra bites you but does no damage. x2
The six-headed hydra bites you.
* * * LOW HITPOINT WARNING * * *
The six-headed hydra bites you.
* * * LOW HITPOINT WARNING * * *
The six-headed hydra bites you but does no damage.
The six-headed hydra bites you!
* * * LOW HITPOINT WARNING * * *
You are confused.
You feel invigorated. The six-headed hydra bites you.
* * * LOW HITPOINT WARNING * * *
The six-headed hydra bites you but does no damage.
The six-headed hydra bites you!
* * * LOW HITPOINT WARNING * * *
The six-headed hydra bites you.
You die...

### # ###P### ..#
.####.###...P.### ...P
......D♣........##...#
.....................#
.....................#
........(...)........#
##...####............#
#...# ##........##.#
#...###.....###.# ##
#...#.#......P###.
.##.###..............#..


You could see a six-headed hydra.

Vanquished Creatures
  Sonja (D:11)
  2 centaur zombies (D:11)
  A gargoyle (D:11)
  3 trolls
  Grinder (D:4)
  A shadow (D:11)
  A spriggan (D:9)
  A hungry ghost (D:11)
  Eustachio (D:5)
  A wyvern (D:10)
  12 yaks
  Menkaure (D:5)
  Edmund (D:5)
  4 water moccasins
  2 orc warriors
  A black bear (D:8)
  2 porcupines (Lair:1)
  4 ice beasts
  2 hornet zombies
  2 sky beasts
  A phantom (D:5)
  6 centaurs
  10 ogres
  7 bullfrogs
  A big kobold (D:7)
  Blork the orc (D:4)
  3 scorpions
  3 wights (D:9)
  9 killer bees
  2 howler monkeys
  3 crimson imps
  A bullfrog zombie (D:5)
  2 quasits
  2 orc priests
  3 hounds
  2 jellies
  2 centaur skeletons
  2 bullfrog skeletons
  3 iguanas
  5 orc wizards
  9 worker ants
  A hound zombie (D:6)
  3 hound skeletons
  Robin (D:4)
  A worker ant zombie (D:5)
  11 gnolls
  A howler monkey skeleton (D:7)
  12 adders
  A river rat (D:11)
  3 shadow imps
  An ooze (D:4)
  An adder zombie (D:10)
  4 worms
  A dart slug (D:2)
  3 leopard geckos
  13 orcs
  2 ball pythons
  6 giant cockroaches
  26 goblins
  8 hobgoblins
  6 jackals
  5 quokkas
  6 bats
  5 frilled lizards
  11 kobolds
  A leopard gecko zombie (D:8)
  6 rats
260 creatures vanquished.

Vanquished Creatures (others)
  2 plants (D:11)
2 creatures vanquished.

Grand Total: 262 creatures vanquished

Notes
Turn   | Place    | Note
-------+----------+-------------------------------------------
     0 | D:1      | tv1990 the Formicid Earth Elementalist began the quest for the Orb.
     0 | D:1      | Reached XP level 1. HP: 13/13 MP: 3/3
   314 | D:1      | Reached XP level 2. HP: 19/19 MP: 2/5
   957 | D:2      | Reached XP level 3. HP: 24/24 MP: 2/7
  1710 | D:2      | Reached XP level 4. HP: 30/30 MP: 4/8
  1777 | D:2      | Reached skill level 5 in Earth Magic
  2015 | D:3      | Reached XP level 5. HP: 35/35 MP: 7/10
  2109 | D:3      | Found a hide-covered altar of Uskayaw.
  2341 | D:3      | Noticed an ogre
  2357 | D:3      | Killed an ogre
  2357 | D:3      | Reached XP level 6. HP: 39/41 MP: 0/12
  2630 | D:4      | Noticed Blork the orc
  2631 | D:4      | Noticed Grinder
  2745 | D:4      | Learned a level 5 spell: Lee's Rapid Deconstruction
  2756 | D:4      | Learned a level 3 spell: Stone Arrow
  2762 | D:4      | Learned a level 5 spell: Lee's Rapid Deconstruction
  2799 | D:4      | Killed Blork the orc
  2841 | D:4      | Found a shadowy altar of Dithmenos.
  3003 | D:4      | Killed Grinder
  3003 | D:4      | Reached XP level 7. HP: 37/46 MP: 9/14
  3030 | D:4      | Noticed Robin
  3033 | D:4      | Killed Robin
  3155 | D:4      | Reached skill level 5 in Spellcasting
  3522 | D:5      | Entered Level 5 of the Dungeon
  3522 | D:5      | Found Ozxohiax's Jewellery Boutique.
  3551 | D:5      | Found a staircase to the Ecumenical Temple.
  3557 | Temple   | Entered the Ecumenical Temple
  3727 | Temple   | Became a worshipper of Warmaster Okawaru
  3757 | D:5      | Noticed Menkaure
  3761 | D:5      | Killed Menkaure
  3761 | D:5      | Reached XP level 8. HP: 27/52 MP: 9/16
  4054 | D:5      | Reached skill level 1 in Fighting
  4155 | D:5      | Reached skill level 1 in Armour
  4398 | D:5      | Noticed Eustachio
  4406 | D:5      | Killed Eustachio
  4406 | D:5      | Reached * piety under Okawaru
  4577 | D:5      | Noticed Edmund
  4582 | D:5      | Killed Edmund
  4582 | D:5      | Reached XP level 9. HP: 53/66 MP: 12/17
  4798 | D:5      | Got a bloodstained robe
  4809 | D:5      | Identified the cursed +0 robe "Ecomus" {rF+} (You found it on level 5 of the Dungeon)
  4881 | D:5      | Learned a level 3 spell: Mephitic Cloud
  4897 | D:5      | Learned a level 2 spell: Repel Missiles
  4995 | D:6      | Got a jewelled leather armour
  5006 | D:6      | Identified the cursed +1 leather armour of Agnosticism {rPois Slay+2} (You found it on level 6 of the Dungeon)
  5013 | D:6      | Reached skill level 1 in Poison Magic
  5167 | D:6      | Reached skill level 1 in Conjurations
  5167 | D:6      | Reached skill level 1 in Air Magic
  5757 | D:6      | Found a glowing silver altar of Zin.
  5788 | D:6      | Reached ** piety under Okawaru
  5788 | D:6      | Reached skill level 5 in Fighting
  6232 | D:7      | You fall through a shaft!
  6473 | D:7      | Found a sparkling altar of Nemelex Xobeh.
  6747 | D:7      | Reached XP level 10. HP: 77/77 MP: 16/18
  6766 | D:7      | Found an opulent altar of Gozag.
  7412 | D:9      | Reached *** piety under Okawaru
  7412 | D:9      | Reached skill level 1 in Staves
  7686 | D:9      | Reached skill level 5 in Dodging
  8208 | D:9      | Reached skill level 1 in Invocations
  8233 | D:9      | Reached **** piety under Okawaru
  8345 | D:10     | Entered Level 10 of the Dungeon
  8364 | D:10     | Found Gemolome's Weapon Boutique.
  8605 | D:10     | Reached skill level 5 in Staves
  8605 | D:10     | Reached XP level 11. HP: 84/87 MP: 2/19
  9138 | D:11     | Reached ***** piety under Okawaru
  9255 | D:11     | Received a gift from Okawaru
  9255 | D:11     | Reached skill level 5 in Invocations
  9517 | D:11     | Found a staircase to the Lair.
  9569 | D:11     | Noticed Sonja
  9726 | D:11     | Killed Sonja
  9806 | D:11     | Found a glowing silver altar of Zin.
 10340 | D:11     | Found a staircase to the Orcish Mines.
 10440 | D:11     | Gained mutation: You are partially covered in slimy green scales. (AC +2) [potion of mutation]
 10440 | D:11     | Gained mutation: You are frail. (-10% HP) [potion of mutation]
 10440 | D:11     | Gained mutation: Your spells are a little easier to cast, but a little less powerful. [potion of mutation]
 10441 | D:11     | Lost mutation: You are frail. (-10% HP) [potion of cure mutation]
 10441 | D:11     | Lost mutation: Your spells are a little easier to cast, but a little less powerful. [potion of cure mutation]
 10441 | D:11     | Lost mutation: You are partially covered in slimy green scales. (AC +2) [potion of cure mutation]
 10537 | Lair:1   | Entered Level 1 of the Lair of Beasts
 10581 | Lair:1   | Reached XP level 12. HP: 89/94 MP: 0/20
 10680 | Lair:1   | Noticed a six-headed hydra
 10691 | Lair:1   | HP: 1/141 [six-headed hydra (8)]
 10691 | Lair:1   | Slain by a six-headed hydra

Skill      XL: |  1  2  3  4  5  6  7  8  9 10 11 |
---------------+----------------------------------+-----
Earth Magic    | 4 5 6 8 9 |  9.0
Spellcasting   | 3 4 5 |  5.6
Fighting       | 4 6 8 |  8.8
Armour         | 2 4 |  4.5
Dodging        | 2 4 5 |  5.3
Poison Magic   | 2 |  2.9
Conjurations   | 2 |  2.0
Air Magic      | 1 |  1.7
Staves         | 5 9 |  9.5
Invocations    | 3 7 |  7.0
Stealth        | |  2.4
Transmutations | |  1.1

Action                   |  1- 3 |  4- 6 |  7- 9 | 10-12 || total
-------------------------+-------+-------+-------+-------++-------
Melee: Spear             |    16 |       |       |       ||    16
       Dagger            |       |    10 |    20 |    32 ||    62
       Quarterstaff      |       |       |       |   152 ||   152
 Cast: Sandblast         |    50 |    64 |   120 |    40 ||   274
       Lee's Rapid Decon |       |     1 |    21 |    19 ||    41
       Stone Arrow       |       |       |     2 |   118 ||   120
       Mephitic Cloud    |       |       |     2 |     2 ||     4
       Repel Missiles    |       |       |     1 |     1 ||     2
Invok: Heroism           |       |       |       |     1 ||     1
 Abil: Dig               |       |     2 |     1 |     6 ||     9
  Use: Scroll            |       |     9 |     9 |     9 ||    27
       Potion            |       |       |     2 |     8 ||    10
 Stab: Confused          |       |       |     2 |       ||     2
  Eat: Chunk             |     3 |     4 |    16 |    21 ||    44
       Royal jelly       |       |       |     1 |       ||     1
       Pizza             |       |       |     1 |       ||     1
       Beef jerky        |       |       |       |     3 ||     3
Armor: Leather armour    |     6 |     3 |    10 |    61 ||    80
       Ring mail         |       |       |     6 |       ||     6
       Skin              |       |       |     2 |    13 ||    15
Dodge: Dodged            |    11 |    14 |    35 |   144 ||   204
       Deflected         |       |       |     3 |     2 ||     5

Vault maps used:
D:1:      minmay_arrival_wavy_path
D:3:      eat_drink_and_be_merry_uskayaw, grunt_ministairs_9,
          minmay_ogre_servants
D:4:      nicolae_dithmenos_shadow_blocks, first_bread, uniq_blork_the_orc,
          uniq_robin, uniq_grinder
D:5:      serial_shops, shop, uniq_menkaure, uniq_edmund, uniq_eustachio
D:6:      lemuel_doored_altar
D:7:      nicolae_gozag_cash_rules_everything_around_me,
          nemelex_xobeh_ov_fountains_minmay
D:9:      the_bakery
D:10:     serial_shops, shop
D:11:     dpeg_oklobed_lair, orc_0_dummy, basic_altar, minivault_1, pond,
          uniq_sonja
Temple:   regret_index_temple_sphere_string
Lair:1:   worms_lemuel
